 Dungeon Crawl Stone Soup version 0.17-a0-1900-g45e8110 (webtiles) character file.

814 4thArraOfDagon the Caller (level 7, -10/46 HPs)
             Began as a Mummy Summoner on Sept 24, 2015.
             Was a Follower of Sif Muna.
             Killed from afar by a wizard (43 damage)
             ... with a fireball
             ... on level 11 of the Dungeon.
             The game lasted 00:18:28 (2102 turns).

4thArraOfDagon the Caller (Mummy Summoner)          Turns: 2102, Time: 00:18:28

Health: -10/46     AC: 12    Str: 12    XL:     7   Next: 62%
Magic:  2/13       EV: 12    Int: 16    God:    Sif Muna [*.....]
Gold:   278        SH:  0    Dex: 12    Spells: 5 memorised, 0 levels left

rFire  x . .     SeeInvis .     d - +1 dagger (drain)
rCold  + . .     Clarity  .     a - +1 robe
rNeg   + + +     SustAt   .     (no shield)
rPois  ∞         Gourm    .     (no helmet)
rElec  .         Spirit   .     r - +0 cloak (curse)
rCorr  .         Warding  .     (no gloves)
rMut   .         Stasis   .     c - +2 pair of boots
MR     .....                    (no amulet)
Stlth  ++........               (no ring)
                                m - +5 ring of protection

@: very slightly contaminated, not resistant to hostile enchantments, unstealthy
A: no food or potions, fire vulnerability, cold resistance 1, negative energy
resistance 3, torment resistance, unbreathing
a: Channel Energy, Renounce Religion


You were on level 11 of the Dungeon.
You worshipped Sif Muna.
Sif Muna was aware of your devotion.
You were not hungry.

You visited 2 branches of the dungeon, and saw 12 of its levels.

You collected 278 gold pieces.

Inventory:

Hand weapons
 d - a +1 dagger of draining (weapon)
 e - a +1 falchion of slicing
Armour
 a - a +1 robe (worn)
 c - a +2 pair of boots (worn)
 r - a cursed +0 cloak (worn)
Magical staves
 i - an uncursed staff of earth
Jewellery
 m - a +5 ring of protection (left hand)
Magical devices
 o - a wand of cold (8)
 s - a wand of lightning (8)
Scrolls
 f - 3 scrolls of remove curse
 g - a scroll of enchant armour
 h - a scroll of fog
 j - a scroll of teleportation
 k - 2 scrolls of identify
 l - a scroll of magic mapping
 n - a scroll of acquirement {unknown}
Books
 b - a book of Callings

   Spells                             Type                      Level
   a - Summon Small Mammal            Summoning                    1
   b - Call Imp                       Summoning                    2
   c - Call Canine Familiar           Summoning                    3
   d - Summon Guardian Golem          Hexes/Summoning              3
   e - Summon Lightning Spire         Summoning/Air                4
   f - Summon Ice Beast               Ice/Summoning                4
 q - a book of Air

   Spells                             Type                      Level
   a - Shock                          Conjuration/Air              1
   b - Swiftness                      Charms/Air                   2
   c - Repel Missiles                 Charms/Air                   2
   d - Static Discharge               Conjuration/Air              3
   e - Lightning Bolt                 Conjuration/Air              5


   Skills:
 - Level 1.5 Dodging
 - Level 1.5 Stealth
 + Level 4.4 Spellcasting
 * Level 6.1 Summonings
 * Level 0.5 Ice Magic
 + Level 3.2 Invocations


You couldn't memorise any spells.
You knew the following spells:

 Your Spells              Type           Power        Failure   Level  Hunger
a - Summon Small Mammal   Summ           ###.         1%          1    N/A
b - Call Canine Familiar  Summ           ###.....     4%          3    N/A
c - Summon Ice Beast      Ice/Summ       ##......     50%         4    N/A
d - Summon Lightning Spi  Summ/Air       ##......     50%         4    N/A
e - Repel Missiles        Chrm/Air       #.....       24%         2    N/A

Dungeon Overview and Level Annotations

Branches:
Dungeon (11/15)            Temple (1/1) D:4            Lair (0/8) D:11
    Orc: D:9-12

Altars:
Ashenzari
Dithmenos
Fedhas
Gozag
Kikubaaqudgha
Makhleb
Sif Muna
Trog
Xom
Yredelemnul
Zin

Annotations:
D:6 Sigmund


Innate Abilities, Weirdness & Mutations

You do not eat or drink.
Your flesh is vulnerable to fire.
You are immune to poison.
Your flesh is cold resistant.
You are immune to negative energy.
You are immune to unholy pain and torment.
You can survive without breathing.


Message History

Unknown command.
Unknown command.
Casting: Summon Lightning Spire
Confirm with . or Enter, or press ? or * to list all spells.
Okay, then.
Casting: Summon Lightning Spire
Confirm with . or Enter, or press ? or * to list all spells.
The spell is very dangerous to cast!
Continue anyway?
You miscast Summon Ice Beast.
Your brain hurts!
Casting: Summon Ice Beast
Confirm with . or Enter, or press ? or * to list all spells.
The spell is very dangerous to cast!
Continue anyway?
You miscast Summon Ice Beast.
Your head hurts.
The wizard gestures at you while chanting.
The fireball explodes!
The fireball engulfs your hound.
Your hound dies!
Your hound's corpse disappears in a puff of smoke!
The fireball engulfs you! The fire burns you terribly!
Ouch! That really hurt!
You die...

(.#......# #.....#
..#......# #.....#
..'......# #.....#
..#........########.....#
..###.(.................#
....#.##########..#####.#
....#.# #..# +.# ....#.#
#..# #.# ....# ###@.# .#
....# #..§.# ....#
#8.........# #####
#..........# #..........§
............§
.....p..?.#..§
..........###§§
.........## #§


You could see a wizard and a friendly lightning spire.

Vanquished Creatures
  A hippogriff (D:7)
  A big kobold (D:11)
  A giant frog zombie (D:11)
  A centaur zombie (D:7)
  An orc priest (D:8)
  A worker ant (D:8)
  2 adders
  An ooze (D:5)
  2 giant geckos
  5 orcs
  A goblin (D:2)
  A jackal (D:6)
  2 giant newts
  3 kobolds
23 creatures vanquished.

Vanquished Creatures (collateral kills)
  2 hippogriffs
  An ogre (D:6)
  A crocodile (D:10)
  3 giant frogs
  A killer bee (D:10)
  A water moccasin skeleton (D:5)
  A crimson imp (D:11)
  A centaur zombie (D:6)
  A centaur skeleton (D:11)
  A hound (D:11)
  An orc priest (D:10)
  3 worker ants
  An adder (D:2)
  2 oozes (D:1)
  An adder skeleton (D:8)
  2 worms
  5 orcs
  A bat (D:2)
  6 kobolds
35 creatures vanquished.

Grand Total: 58 creatures vanquished

Notes
Turn   | Place    | Note
--------------------------------------------------------------
     0 | D:1      | 4thArraOfDagon the Mummy Summoner began the quest for the Orb.
     0 | D:1      | Reached XP level 1. HP: 13/13 MP: 3/3
    45 | D:1      | You fall through a shaft!
   104 | D:2      | Reached XP level 2. HP: 11/19 MP: 0/5
   283 | D:5      | Entered Level 5 of the Dungeon
   295 | D:5      | Noticed a water moccasin skeleton
   343 | D:4      | Reached XP level 3. HP: 15/24 MP: 0/6
   353 | D:4      | Learned a level 3 spell: Call Canine Familiar
   421 | D:5      | Killed a water moccasin skeleton
   421 | D:5      | Reached skill level 4 in Summonings
   498 | D:4      | Found a staircase to the Ecumenical Temple.
   507 | Temple   | Entered the Ecumenical Temple
   515 | Temple   | Became a worshipper of Sif Muna the Loreminder
   581 | D:4      | Reached XP level 4. HP: 12/30 MP: 3/8
   629 | D:3      | Learned a level 4 spell: Summon Ice Beast
   690 | D:6      | Found an opulent altar of Gozag.
   695 | D:6      | Noticed a hippogriff
   798 | D:6      | Killed a hippogriff
   798 | D:6      | Reached skill level 1 in Invocations
   798 | D:6      | Reached XP level 5. HP: 18/35 MP: 1/9
   816 | D:6      | Found an ancient bone altar of Kikubaaqudgha.
   818 | D:6      | Found a shadowy altar of Dithmenos.
   869 | D:6      | Noticed an ogre
   881 | D:6      | Killed an ogre
   931 | D:6      | Noticed Sigmund
  1006 | D:7      | Reached skill level 5 in Summonings
  1030 | D:7      | Reached XP level 6. HP: 35/41 MP: 5/11
  1056 | D:7      | Noticed a hippogriff
  1072 | D:7      | Killed a hippogriff
  1072 | D:7      | Acquired Sif Muna's first power
  1101 | D:7      | Found a blossoming altar of Fedhas.
  1126 | D:7      | Learned a level 4 spell: Summon Lightning Spire
  1395 | D:10     | Entered Level 10 of the Dungeon
  1395 | D:10     | Noticed a hippogriff
  1408 | D:10     | Killed a hippogriff
  1408 | D:10     | Reached XP level 7. HP: 14/46 MP: 7/13
  1421 | D:10     | Learned a level 2 spell: Repel Missiles
  1456 | D:10     | Found a shattered altar of Ashenzari.
  1921 | D:11     | Found a staircase to the Lair.
  1944 | D:11     | Reached skill level 6 in Summonings
  2081 | D:11     | Noticed a wizard
  2102 | D:11     | Killed from afar by a wizard

Vault maps used:
D:1:      grunt_arrival_crossed_arrows
D:2:      fountainhead, roderic_curled_sauvastika
D:3:      minitemple, first_bread
D:4:      temple_fountains, saegor_snake_ambush
D:5:      serial_shops, nicolae_shop_statue_plus
D:6:      nicolae_overflow_hidden_temple, basic_altar, uniq_sigmund
D:7:      grunt_ogre_cave, lemuel_statue_altar
D:8:      uniq_pikel
D:9:      serial_shops, nicolae_shop_trees, uniq_erica, uniq_prince_ribbit1
D:10:     nicolae_ashenzari_panopticon
D:11:     minmay_smoke_and_mirrors, lair_0_dummy, david_orc_2, uniq_urug
Temple:   circular_temple_12

Action                   |  1- 3 |  4- 6 |  7- 9 || total
-------------------------+-------+-------+-------++-------
Melee: Falchion          |     7 |       |       ||     7
       Unarmed           |     4 |       |       ||     4
       Dagger            |    43 |    71 |    64 ||   178
 Cast: Summon Small Mamm |    32 |    25 |    30 ||    87
       Call Canine Famil |     4 |    13 |    12 ||    29
       Summon Ice Beast  |       |       |     2 ||     2
       Repel Missiles    |       |       |     2 ||     2
       Summon Lightning  |       |       |     1 ||     1
Invok: Channel Energy    |       |    12 |    49 ||    61
  Use: Scroll            |     1 |       |    10 ||    11
 Stab: Sleeping          |     3 |       |       ||     3
